[ AOE2 MATCH · #495264310 ]
UnrankedGoths vs Vietnamese
Player's team · WIN
Rival team · LOSS
[ REPLAY ANALYSIS · EXTRACTED FROM THE RECORDED GAME ]
Feudal
9:59
Castle
—
Imperial
—
| APM avg | 48.8 |
| APM peak | 67 |
| eAPM avg | 19.8 |
| Villagers / military | 30 / 29 |
Focus
⚔️ 18.7% · 🌾 81.3%
Militia ×15 · Archer ×11 · Skirmisher ×3
Feudal
8:55
Castle
—
Imperial
—
| APM avg | 31.3 |
| APM peak | 57 |
| eAPM avg | 15.7 |
| Villagers / military | 24 / 15 |
Focus
⚔️ 21.9% · 🌾 78.1%
Archer ×12 · Scout Cavalry ×3
Match map
Initial resources + every placement click. Lines = walls · curves = elevation contours. ◆ gold · ⬟ stone · ● berries · ✦ relic · ◌ wall gap
Your base· Open — 10t gap
Jozz's base· Open — 7t gap
Smoothed initial terrain · ◌ = detected wall gap · hover for details
Inputs per minute
— BilbooDEMON - - Jozz
Build order — BilbooDEMON
87 actions detected in the replay
| 0:03 | Build | Town Center |
| 1:05 | Create | Villager (Male) |
| 1:05 | Create | Villager (Male) |
| 1:05 | Create | Villager (Male) |
| 1:06 | Create | Villager (Male) |
| 1:42 | Create | Villager (Male) |
| 1:44 | Build | Lumber Camp |
| 2:41 | Create | Villager (Male) |
| 2:42 | Create | Villager (Male) |
| 2:55 | Research | Loom |
| 2:56 | Create | Villager (Male) |
| 2:56 | Create | Villager (Male) |
| 3:15 | Create | Villager (Male) |
| 4:19 | Create | Villager (Male) |
| 4:20 | Create | Villager (Male) |
| 4:35 | Build | Mill |
| 4:40 | Create | Villager (Male) |
| 5:09 | Create | Villager (Male) |
| 5:32 | Create | Villager (Male) |
| 5:32 | Create | Villager (Male) |
| 5:48 | Create | Villager (Male) |
| 6:11 | Build | House |
| 6:47 | Create | Villager (Male) |
| 7:04 | Create | Villager (Male) |
| 7:30 | Build | Barracks |
| 7:49 | Research | Feudal Age |
| 8:21 | Create | Villager (Male) |
| 8:27 | Build | House |
| 8:38 | Create | Militia |
| 8:38 | Create | Militia |
| 8:38 | Create | Militia |
| 9:10 | Build | House |
| 9:40 | Create | Militia |
| 9:44 | Build | House |
| 9:59 | Age | Feudal Age |
| 10:06 | Research | Man-at-Arms (upgrade) |
| 10:09 | Build | Archery Range |
| 10:11 | Build | Blacksmith |
| 10:21 | Create | Villager (Male) |
| 10:38 | Create | Villager (Male) |
| 10:46 | Create | Villager (Male) |
| 10:54 | Research | Double-Bit Axe |
| 11:09 | Create | Skirmisher |
| 11:09 | Create | Skirmisher |
| 11:15 | Build | House |
| 11:17 | Create | Militia |
| 11:19 | Create | Militia |
| 11:36 | Create | Villager (Male) |
| 11:45 | Build | Farm |
| 11:47 | Build | Farm |
| 12:02 | Create | Militia |
| 12:02 | Create | Militia |
| 12:03 | Create | Villager (Male) |
| 12:06 | Create | Archer |
| 12:06 | Create | Archer |
| 12:06 | Create | Archer |
| 12:14 | Research | Fletching |
| 12:36 | Create | Archer |
| 12:46 | Build | Farm |
| 12:47 | Create | Archer |
| 13:00 | Build | House |
| 13:01 | Create | Militia |
| 13:39 | Create | Militia |
| 13:39 | Create | Militia |
| 13:50 | Create | Archer |
| 14:03 | Create | Militia |
| 14:11 | Build | Mill |
| 14:15 | Build | House |
| 15:03 | Create | Archer |
| 15:43 | Create | Archer |
| 15:44 | Create | Villager (Male) |
| 15:45 | Create | Villager (Male) |
| 15:48 | Build | House |
| 16:01 | Create | Villager (Male) |
| 16:08 | Create | Archer |
| 16:13 | Build | Market |
| 16:24 | Build | House |
| 16:25 | Create | Skirmisher |
| 16:27 | Create | Militia |
| 16:27 | Create | Militia |
| 16:55 | Create | Militia |
| 16:56 | Create | Archer |
| 16:57 | Create | Archer |
| 17:51 | Build | Mill |
| 17:52 | Create | Villager (Male) |
| 17:52 | Create | Villager (Male) |
| 17:54 | Build | House |
Build order — Jozz
71 actions detected in the replay
| 0:05 | Build | Town Center |
| 1:08 | Create | Villager (Male) |
| 1:08 | Create | Villager (Male) |
| 1:09 | Create | Villager (Male) |
| 1:36 | Create | Villager (Male) |
| 1:39 | Build | Lumber Camp |
| 2:02 | Create | Villager (Male) |
| 2:38 | Create | Villager (Male) |
| 3:11 | Create | Villager (Male) |
| 3:43 | Create | Villager (Male) |
| 4:32 | Build | Mining Camp |
| 4:40 | Create | Villager (Male) |
| 4:41 | Create | Villager (Male) |
| 4:59 | Create | Villager (Male) |
| 5:00 | Create | Villager (Male) |
| 5:52 | Research | Loom |
| 6:26 | Research | Feudal Age |
| 6:35 | Build | Barracks |
| 7:06 | Build | House |
| 7:06 | Build | House |
| 8:45 | Create | Villager (Male) |
| 8:45 | Create | Villager (Male) |
| 8:55 | Age | Feudal Age |
| 8:57 | Build | Archery Range |
| 9:18 | Build | Blacksmith |
| 9:41 | Create | Archer |
| 9:52 | Create | Villager (Male) |
| 10:10 | Create | Archer |
| 10:13 | Create | Villager (Male) |
| 10:31 | Create | Villager (Male) |
| 10:40 | Create | Archer |
| 10:56 | Build | Mill |
| 11:04 | Create | Archer |
| 11:12 | Build | House |
| 11:15 | Build | Palisade Wall |
| 11:19 | Build | Palisade Wall |
| 11:24 | Build | Palisade Wall |
| 11:34 | Create | Archer |
| 11:44 | Build | Palisade Wall |
| 11:45 | Build | Palisade Wall |
| 11:55 | Create | Archer |
| 12:03 | Research | Fletching |
| 12:11 | Build | Palisade Wall |
| 12:21 | Create | Archer |
| 12:25 | Create | Villager (Male) |
| 12:54 | Create | Villager (Male) |
| 12:56 | Build | Stable |
| 13:00 | Create | Archer |
| 13:33 | Create | Archer |
| 13:35 | Create | Scout Cavalry |
| 13:40 | Build | Farm |
| 13:40 | Build | Farm |
| 13:40 | Build | Farm |
| 13:43 | Research | Double-Bit Axe |
| 13:59 | Create | Archer |
| 14:01 | Build | Farm |
| 14:02 | Build | Farm |
| 14:19 | Build | Farm |
| 14:23 | Create | Villager (Male) |
| 14:56 | Create | Archer |
| 15:09 | Build | Watch Tower |
| 15:20 | Create | Villager (Male) |
| 16:00 | Create | Villager (Male) |
| 16:01 | Create | Scout Cavalry |
| 16:19 | Build | Market |
| 16:24 | Create | Scout Cavalry |
| 16:40 | Build | House |
| 16:46 | Build | Farm |
| 16:48 | Create | Villager (Male) |
| 17:17 | Create | Archer |
| 17:29 | Create | Villager (Male) |
Match timeline
| 6:35 | Jozz · first_building Barracks |
| 7:30 | BilbooDEMON · first_building Barracks |
| 8:55 | Jozz · age_up feudal |
| 8:57 | Jozz · first_building Archery Range |
| 9:59 | BilbooDEMON · age_up feudal |
| 10:09 | BilbooDEMON · first_building Archery Range |
| 11:15 | Jozz · wall_segment Palisade Wall x3 |
| 11:19 | Jozz · wall_segment Palisade Wall x3 |
| 11:24 | Jozz · wall_segment Palisade Wall x5 |
| 11:44 | Jozz · wall_segment Palisade Wall x1 |
| 11:45 | Jozz · wall_segment Palisade Wall x1 |
| 12:11 | Jozz · wall_segment Palisade Wall x3 |
| 12:56 | Jozz · first_building Stable |
| 17:56 | Jozz · resign |
[ AI ANALYSIS · 1 CREDIT ]
What really happened in this match?
Wolo.gg analyzes every decision: build order, eco, micro, common mistakes by bracket. Personalized analysis on WhatsApp or Discord in 30 seconds.
Civ guide
Goths
Perfil
Jugador #618457